 Dungeon Crawl Stone Soup version 0.31.0-11-ge490571c62 (webtiles) character file.

Game seed: 1248987268259956464

59092 sanka the Warrior (level 14, -11/135 HPs)
             Began as a Minotaur Fighter on Jan 28, 2024.
             Was a Priest of the Shining One.
             Blown up by a lich (74 damage)
             ... with an orb of destruction
             ... on level 1 of the Depths.
             The game lasted 00:38:58 (21931 turns).

sanka the Warrior (Minotaur Fighter)               Turns: 21931, Time: 00:38:58

Health: -11/135    AC: 24    Str: 21    XL:     14   Next: 51%
Magic:  16/16      EV: 27    Int:  5    God:    the Shining One [***...]
Gold:   481        SH: 14    Dex: 17    Spells: 13/13 levels left

rFire   . . .        a - +1 morningstar (protect)
rCold   + . .        N - +0 kite shield {rC+}
rNeg    + . .        I - +0 plate armour
rPois   +            (helmet restricted)
rElec   .            C - +4 cloak of the Sparrow {Dex+2 Stlth+}
rCorr   .            (no gloves)
SInv    +            D - +0 pair of boots
Will    +....        L - amulet of the acrobat Stlth
                     r - ring of see invisible
HPRegen 0.42/turn    k - ring of poison resistance
MPRegen 0.15/turn

%: acrobat
@: acrobatic, glowing
A: horns 2, retaliatory headbutt
a: Renounce Religion, Divine Shield, Cleansing Flame


You were on level 1 of the Depths.
You worshipped the Shining One.
The Shining One was most pleased with you.
You visited 3 branches of the dungeon, and saw 17 of its levels.
You also visited: Ossuary.

You collected 1271 gold pieces.
You spent 790 gold pieces at shops.


Innate Abilities, Weirdness & Mutations

You have a pair of horns on your head.
You reflexively headbutt those who attack you in melee.


   Skills:
 - Level 15.0 Fighting
 - Level 12.0 Maces & Flails
 - Level 15.0 Armour
 + Level 11.5 Dodging
 - Level 15.0 Shields
 - Level 5.0 Invocations


You had 13 spell levels left.
You didn't know any spells.
Your spell library contained the following spells:

 Spells                   Type           Power      Damage    Failure   Level
 Foxfire                  Conj/Fire      0%         2x1d4     100%        1
 Mercury Vapours          Alch/Air       0%         N/A       100%        2
 Scorch                   Fire           0%         2d5       100%        2
 Sublimation of Blood     Necr           0%         N/A       100%        2
 Summon Ice Beast         Ice/Summ       0%         N/A       100%        3
 Leda's Liquefaction      Alch/Erth      0%         N/A       100%        4
 Petrify                  Alch/Erth      0%         N/A       100%        4
 Irradiate                Conj/Alch      0%         3d11      100%        5
 Lee's Rapid Deconstruct  Erth           0%         3d4*      100%        5
 Summon Mana Viper        Hex/Summ       0%         N/A       100%        5
 Bombard                  Conj/Erth      0%         9d1       100%        6
 Plasma Beam              Fire/Air       0%         2x1d10    100%        6
 Starburst                Conj/Fire      0%         6d3       100%        6
 Monstrous Menagerie      Summ           0%         N/A       100%        7

Inventory:

Hand Weapons
 a - a +1 morningstar of protection (weapon)
Missiles
 A - a throwing net {=f}
 F - a curare-tipped dart (quivered) {=f}
Armour
 B - a +2 buckler of protection
 C - the +4 cloak of the Sparrow (worn) {Dex+2 Stlth+}

   Dex+2:     It affects your dexterity (+2).
   Stlth+:    It makes you more stealthy.
 D - a +0 pair of boots (worn)
 I - a +0 plate armour (worn)
 N - a +0 kite shield of cold resistance (worn)
Jewellery
 k - a ring of poison resistance (right hand)
 r - a ring of see invisible (left hand)
 L - an amulet of the acrobat (around neck)
Wands
 c - a wand of flame (8)
 H - a wand of polymorph (10)
Scrolls
 f - 3 scrolls of revelation
 g - 4 scrolls of enchant weapon
 h - 6 scrolls of enchant armour
 l - 4 scrolls of immolation {!r}
 n - 2 scrolls of noise {!r}
 p - 3 scrolls of fog
 q - a scroll of summoning
 u - 2 scrolls of poison
 w - 7 scrolls of teleportation {@r4}
 y - 2 scrolls of vulnerability {!r}
 E - 2 scrolls of fear
 J - a scroll of blinking
 P - a scroll of amnesia
Potions
 b - 4 potions of lignification {!q}
 d - a potion of might
 e - 3 potions of ambrosia
 i - 9 potions of curing {@q1}
 m - 6 potions of enlightenment
 o - a potion of degeneration {unknown}
 s - 2 potions of heal wounds {@q2}
 t - 3 potions of haste {@q3}
 v - a potion of mutation {unknown}
 x - a potion of berserk rage {unknown}
 z - a potion of attraction {unknown}
 G - a potion of brilliance {unknown}
 K - 2 potions of resistance
 M - a potion of invisibility {unknown}
 O - a potion of magic {unknown}

Dungeon Overview and Level Annotations

Branches:
Dungeon (15/15)            Temple (1/1) D:6            Lair (0/5) D:9
    Orc (0/2) D:11         Vaults (0/5) D:14         Depths (1/4) D:15
Ossuary (visited)

Altars:
Ashenzari
Cheibriados
Dithmenos
Elyvilon
Fedhas
Gozag
Hepliaklqana
Kikubaaqudgha
Makhleb
Nemelex Xobeh
Okawaru
Qazlal
Ru
Sif Muna
Trog
Uskayaw
Vehumet
Wu Jian
Xom
Yredelemnul
Zin
The Shining One

Shops:
D:8 (!   D:12 ?   D:13 *   Depths:1 ?(

Portals:
Hell: Depths:1
Abyss: D:5
Ziggurat: Depths:1
Trove: D:11 (give +6 demon whip)

Annotations:
D:4 3 runed translucent doors, t4s4d4r's ghost, amateur DjEE
D:5 2 transporters, TobyConnect's ghost, weakling HuDe
D:9 exclusion: downstairs
D:11 exclusion: downstairs

..........▒▒▒▒▒▒#.§▒▒.≈.▒..§..▒
...▒.▒...▒▒▒.▒▒▒▒.▒▒▒...▒.....▒
▒▒▒▒.▒▒▒▒▒ ▒.▒▒▒▒▒▒▒▒...▒▒▒▒▒▒▒
.....▒ ▒.▒▒▒▒▒▒▒▒'''▒▒▒▒▒▒▒▒▒
.....▒▒▒ ▒...▒ ▒...▒ ▒...
.......▒▒▒▒▒▒...▒▒▒▒▒(▒▒▒▒▒▒▒▒...
.........L.............▒..)......
.......°☼☼°°☼☼§§☼................
......☼......▒▒▒H▒▒▒.............
.....▒▒▒▒▒▒▒▒▒.....▒▒▒▒▒▒▒▒▒▒▒▒▒▒
#....▒ ▒▒...▒...▒▒ .....▒
▒▒.........▒▒ .....▒
▒▒.....∩.....▒▒ ▒▒▒▒
.....▒▒▒▒▒....⌠...⌠....▒ ....
.........▒.............▒▒ ...
.....▒▒▒...▒....▒....▒... ...
.....▒ ▒▒▒.............▒▒ ▒▒▒


You could see a lich.


Message History

You hit the stone giant but do no damage.
You headbutt the stone giant.
The stone giant is almost dead.
The stone giant hits you.
* * * LOW HITPOINT WARNING * * *
You puncture the stone giant!
The stone giant is almost dead.
The stone giant hits you.
* * * LOW HITPOINT WARNING * * *
You hit the stone giant but do no damage.
The stone giant is almost dead.
You block the stone giant's attack.
You hit the stone giant.
The stone giant is almost dead.
The stone giant hits you!
* * * LOW HITPOINT WARNING * * *
You puncture the stone giant!
The stone giant is almost dead.
You block the stone giant's attack.
You thump the stone giant!
You kill the stone giant!
A lich comes into view.
The lich shouts!
Unknown command.
Your divine shield fades away.
The lich conjures a glowing orb.
An orb of destruction comes into view.
The orb of destruction hits you!!!!
Ouch! That really hurt!
You die...

Action                     |  1- 3 |  4- 6 |  7- 9 | 10-12 | 13-15 || total
---------------------------+-------+-------+-------+-------+-------++-------
  Melee: Flail             |    61 |    90 |   386 |    74 |       ||   611
         Headbutt          |     6 |    13 |    92 |   185 |   196 ||   492
         Morningstar       |       |       |       |   511 |   528 ||  1039
  Throw: Dart              |       |       |       |     5 |     4 ||     9
 Invoke: Divine Shield     |       |       |       |     5 |     9 ||    14
  Evoke: Wand              |       |       |     1 |       |     5 ||     6
    Use: Scroll            |       |       |       |    14 |     1 ||    15
         Potion            |       |       |       |     5 |     4 ||     9
   Stab: Distracted        |       |       |     1 |       |       ||     1
 Armour: Scale mail        |    37 |    50 |    97 |       |       ||   184
         Plate armour      |       |       |   137 |   804 |   377 ||  1318
  Dodge: Dodged            |    33 |    30 |    94 |   244 |   154 ||   555
  Block: Buckler           |    12 |    15 |    62 |   218 |   111 ||   418
         Kite shield       |       |       |       |       |   237 ||   237

Levels and vault maps discovered:
D:1:      dpeg_arrival_lava_temple_mockup, layout_loops_corners,
          ebering_ecumenical_altar_ruins
D:2:      layout_basic, palyth_stone_intersect
D:3:      layout_loops_ring, lemuel_coloured_pillars_altar,
          nicolae_ashenzari_skybound, uniq_sigmund, uniq_jessica, uniq_natasha
D:4:      layout_rooms, gammafunk_ghost_necromancy,
          nicolae_ossuary_entry_false_entrances
D:5:      layout_rooms, gammafunk_ghost_abyssal_escape
D:6:      layout_basic, minmay_temple_entry_wispy, chequers_avenue, uniq_grinder
D:7:      layout_basic
D:8:      layout_rooms, pdpol_temple_overflow_zin_treasury_gozag_greed,
          mainiacjoe_overflow_alcove_1, mainiacjoe_overflow_catwalk_spiral,
          nicolae_wooded_promenade
D:9:      layout_small_grid, lair_entry_dummy, uniq_jeremiah
D:10:     layout_basic, kennysheep_generic_room_4
D:11:     layout_stronghold, david_orc_4, nicolae_trove_entry_crystal
D:12:     layout_rooms, serial_shops, shop, grunt_gozag_statues
D:13:     layout_rooms, serial_shops, nicolae_shop_real_fake_doors,
          kennysheep_generic_room_7
D:14:     layout_big_octagon, david_vaults_3, columned_hall_lemuel
D:15:     gammafunk_enter_depths_forms, layout_loops_ring, lemuel_crystal_altar
Temple:   regret_index_temple_waves
Depths:1: layout_forbidden_donut, enter_ziggurat_d,
          pf_vacation_house_of_asmodeus, nrook_mini_vaults,
          nemelex_altar_shiori, minmay_shoptagon

Notes
Turn   | Place    | Note
-------+----------+-------------------------------------------
     0 | D:1      | sanka the Minotaur Fighter began the quest for the Orb.
     0 | D:1      | Reached XP level 1. HP: 19/19 MP: 0/0
   172 | D:1      | Reached skill level 4 in Fighting
   178 | D:1      | Reached skill level 3 in Maces & Flails
   178 | D:1      | Reached XP level 2. HP: 27/27 MP: 1/1
   302 | D:1      | Found a faded altar of an unknown god.
   764 | D:1      | Reached skill level 4 in Maces & Flails
   764 | D:1      | Reached XP level 3. HP: 33/33 MP: 2/2
  1387 | D:2      | Reached skill level 5 in Maces & Flails
  1390 | D:2      | Reached XP level 4. HP: 40/40 MP: 3/3
  1615 | D:3      | Noticed Sigmund
  1627 | D:3      | Killed Sigmund
  1628 | D:3      | Reached skill level 7 in Maces & Flails
  1628 | D:3      | Reached XP level 5. HP: 46/46 MP: 4/4
  1699 | D:3      | Found a hide-covered altar of Uskayaw.
  1822 | D:3      | Reached XP level 6. HP: 51/52 MP: 5/5
  2035 | D:3      | Noticed Natasha
  2045 | D:3      | Killed Natasha
  2057 | D:3      | Reached skill level 8 in Maces & Flails
  2109 | D:3      | Found a broken altar of Ashenzari.
  2123 | D:3      | Noticed Jessica
  2195 | D:3      | Noticed Natasha
  2200 | D:3      | Killed Natasha
  2396 | D:3      | Killed Jessica
  2543 | D:4      | Reached skill level 9 in Maces & Flails
  2543 | D:4      | Reached XP level 7. HP: 45/59 MP: 6/6
  2565 | D:4      | Found a runed translucent gate.
  2565 | D:4      | Found a runed translucent gate.
  2565 | D:4      | Found a runed translucent gate.
  2570 | D:4      | Noticed t4s4d4r's ghost (amateur DjEE)
  2650 | D:4      | Found a sand-covered staircase.
  2681 | Ossuary  | Entered an ossuary
  2757 | Ossuary  | Reached skill level 10 in Maces & Flails
  2982 | Ossuary  | Reached skill level 11 in Maces & Flails
  3063 | Ossuary  | Reached XP level 8. HP: 47/66 MP: 7/7
  3683 | D:5      | Entered Level 5 of the Dungeon
  3886 | D:5      | Found a transporter.
  3887 | D:5      | Identified the +4 cloak of the Sparrow {Dex+2 Stlth+}
  4087 | D:5      | Found a transporter.
  4097 | D:5      | Found a one-way gate to the infinite horrors of the Abyss.
  4097 | D:5      | Noticed TobyConnect's ghost (weakling HuDe)
  4191 | D:7      | Reached skill level 12 in Maces & Flails
  4286 | D:7      | Reached skill level 4 in Armour
  4646 | D:6      | Reached skill level 5 in Fighting
  4673 | D:6      | Found a staircase to the Ecumenical Temple.
  4710 | Temple   | Entered the Ecumenical Temple
  4725 | Temple   | Became a worshipper of the Shining One
  4793 | D:6      | Reached skill level 5 in Armour
  4936 | D:6      | Noticed Grinder
  4954 | D:6      | Killed Grinder
  4955 | D:6      | Reached skill level 6 in Fighting
  4955 | D:6      | Reached skill level 6 in Armour
  5428 | D:6      | Reached XP level 9. HP: 64/76 MP: 8/8
  5979 | D:7      | Identified the +3 trident of Destiny {holy, Dex+4}
  6226 | D:7      | Reached skill level 7 in Fighting
  6375 | D:8      | Reached skill level 7 in Armour
  6713 | D:8      | Reached skill level 8 in Fighting
  6786 | D:8      | Found a shimmering blue altar of Sif Muna.
  6801 | D:8      | Found a burning altar of Makhleb.
  6826 | D:8      | Reached skill level 8 in Armour
  6893 | D:8      | Reached * piety under the Shining One
  7021 | D:8      | Found Roiditus's Distillery.
  7118 | D:8      | Found Pankomui's Antique Weapon Boutique.
  7215 | D:8      | Found a sacrificial altar of Ru.
  7248 | D:8      | Found an opulent altar of Gozag.
  7344 | D:8      | Found a glowing silver altar of Zin.
  7547 | D:9      | Reached skill level 9 in Fighting
  7571 | D:8      | Reached skill level 9 in Armour
  7677 | D:9      | Noticed Jeremiah
  7745 | D:9      | Killed Jeremiah
  7801 | D:9      | Found a staircase to the Lair.
  7873 | D:9      | Noticed a troll
  7883 | D:9      | Killed a troll
  7884 | D:9      | Reached XP level 10. HP: 87/93 MP: 9/9
  7903 | D:9      | Reached skill level 10 in Fighting
  8197 | D:9      | Reached skill level 10 in Armour
  8379 | D:10     | Entered Level 10 of the Dungeon
  8381 | D:10     | Noticed a two-headed ogre
  8394 | D:10     | Killed a two-headed ogre
  8527 | D:10     | Noticed a cyclops
  8545 | D:10     | Killed a cyclops
  8874 | D:10     | Identified +0 steam dragon scales
  8975 | D:10     | Reached skill level 11 in Fighting
  9141 | D:10     | Identified +0 steam dragon scales
  9142 | D:10     | Reached skill level 11 in Armour
 10390 | D:11     | Found a portal to a secret trove of treasure.
 10570 | D:11     | Reached ** piety under the Shining One
 10624 | D:11     | Reached skill level 12 in Fighting
 10663 | D:11     | Reached skill level 12 in Armour
 11040 | D:11     | Reached XP level 11. HP: 91/104 MP: 10/10
 11179 | D:11     | Found a staircase to the Orcish Mines.
 11481 | D:12     | Noticed a centaur warrior
 11562 | D:12     | Found Ceuzxab's Magic Scroll Boutique.
 11562 | D:12     | Noticed a skeletal warrior
 11564 | D:12     | Noticed a skeletal warrior
 11565 | D:12     | Noticed a skeletal warrior
 11567 | D:12     | Killed a centaur warrior
 11801 | D:12     | Noticed a skeletal warrior
 11827 | D:11     | Killed a skeletal warrior
 11828 | D:11     | Reached skill level 13 in Fighting
 12037 | D:11     | Killed a skeletal warrior
 12038 | D:11     | Reached skill level 13 in Armour
 12183 | D:12     | Noticed a boulder beetle
 12193 | D:12     | Killed a boulder beetle
 12379 | D:12     | Killed a skeletal warrior
 12599 | D:12     | Found an opulent altar of Gozag.
 12641 | D:12     | Noticed a red ugly thing
 12670 | D:11     | Killed a red ugly thing
 12671 | D:11     | Reached skill level 14 in Fighting
 12782 | D:12     | Noticed a white ugly thing
 12800 | D:12     | Killed a white ugly thing
 12801 | D:12     | Reached skill level 14 in Armour
 13092 | D:12     | Got Spellcraft, Part Two
 13104 | D:12     | Noticed a skeletal warrior
 13128 | D:12     | Killed a skeletal warrior
 13182 | D:12     | Killed a skeletal warrior
 13280 | D:12     | Noticed a skeletal warrior
 13281 | D:12     | Noticed a skeletal warrior
 13444 | D:8      | Bought a potion of curing for 36 gold pieces
 13444 | D:8      | Bought a potion of heal wounds for 60 gold pieces
 13444 | D:8      | Bought a potion of haste for 120 gold pieces
 13444 | D:8      | Bought a potion of might for 48 gold pieces
 13444 | D:8      | Bought a potion of resistance for 120 gold pieces
 13444 | D:8      | Bought a potion of enlightenment for 60 gold pieces
 13444 | D:8      | Bought a potion of heal wounds for 60 gold pieces
 13577 | D:12     | Killed a skeletal warrior
 13789 | D:12     | Killed a skeletal warrior
 13790 | D:12     | Reached XP level 12. HP: 99/118 MP: 11/11
 13956 | D:12     | Reached skill level 15 in Fighting
 13956 | D:12     | Reached skill level 15 in Armour
 14026 | D:12     | Noticed a two-headed ogre
 14041 | D:12     | Killed a two-headed ogre
 14042 | D:12     | Reached skill level 4 in Shields
 14042 | D:12     | Reached skill level 1 in Invocations
 14297 | D:12     | Reached skill level 2 in Invocations
 14363 | D:12     | Reached skill level 5 in Shields
 14379 | D:12     | Reached skill level 3 in Invocations
 14498 | D:13     | Noticed a tengu warrior
 14516 | D:12     | Killed a tengu warrior
 14602 | D:13     | Reached skill level 6 in Shields
 14604 | D:13     | Noticed a centaur warrior
 14609 | D:13     | Reached skill level 4 in Invocations
 14610 | D:13     | Noticed a centaur warrior
 14765 | D:12     | Killed a centaur warrior
 14908 | D:13     | Noticed a centaur warrior
 14917 | D:13     | Killed a centaur warrior
 14918 | D:13     | Reached skill level 7 in Shields
 14923 | D:13     | Killed a centaur warrior
 14924 | D:13     | Reached skill level 5 in Invocations
 15240 | D:13     | Reached skill level 8 in Shields
 15419 | D:13     | Found Cuhuere's Assorted Antiques.
 15422 | D:13     | Bought a scroll labelled PITRIS QEPSEISAWK for 23 gold
                  | pieces
 15422 | D:13     | Bought a scroll of identify for 46 gold pieces
 15760 | D:13     | Found Cuhuere's Assorted Antiques.
 15806 | D:12     | Reached skill level 9 in Shields
 16221 | D:14     | Noticed a centaur warrior
 16238 | D:14     | Killed a centaur warrior
 16242 | D:14     | Reached skill level 10 in Shields
 16424 | D:14     | Noticed a six-headed hydra
 16424 | D:14     | Reached *** piety under the Shining One
 16437 | D:14     | HP: 6/119 [six-headed hydra (10)]
 16442 | D:14     | HP: 9/119 [six-headed hydra (4)]
 16445 | D:14     | Killed a six-headed hydra
 16688 | D:14     | Noticed a centaur warrior
 16688 | D:14     | Noticed a centaur warrior
 16702 | D:14     | Killed a centaur warrior
 16710 | D:14     | Killed a centaur warrior
 16711 | D:14     | Reached XP level 13. HP: 99/126 MP: 15/15
 16717 | D:14     | Reached skill level 11 in Shields
 17024 | D:14     | Reached skill level 12 in Shields
 17260 | D:14     | Found a gate to the Vaults.
 17502 | D:14     | Identified the +3 ring mail of Patience {rElec}
 17788 | D:15     | Entered Level 15 of the Dungeon
 17816 | D:14     | Reached skill level 13 in Shields
 18293 | D:15     | Reached skill level 14 in Shields
 18800 | D:15     | HP: 4/126 [death knight/+0 battleaxe of electrocution (23)]
 19153 | D:15     | Reached **** piety under the Shining One
 19164 | D:15     | Reached skill level 15 in Shields
 19168 | D:15     | Reached skill level 2 in Dodging
 19199 | D:15     | Found a broken altar of Ashenzari.
 19263 | D:15     | Reached skill level 3 in Dodging
 19266 | D:15     | Reached skill level 4 in Dodging
 19280 | D:15     | Reached skill level 5 in Dodging
 19555 | D:15     | Reached skill level 6 in Dodging
 19598 | D:15     | Reached XP level 14. HP: 84/135 MP: 16/16
 19870 | D:15     | Reached skill level 7 in Dodging
 19969 | D:15     | Found a staircase to the Depths.
 20144 | D:8      | Bought a runed morningstar for 217 gold pieces
 20319 | Depths:1 | Entered Level 1 of the Depths
 20333 | Depths:1 | Found a sparkling altar of Nemelex Xobeh.
 20406 | Depths:1 | Noticed a stone giant
 20445 | Depths:1 | Killed a stone giant
 20490 | Depths:1 | Found Bikhen's Magic Scroll Boutique.
 20494 | Depths:1 | Found Utic's Weapon Shop.
 20584 | Depths:1 | Reached skill level 8 in Dodging
 20626 | Depths:1 | Identified the +6 scale mail of the Gravedigger {rF- rCorr
                  | Slay+4 SInv}
 20904 | Depths:1 | Reached skill level 9 in Dodging
 21031 | Depths:1 | Found a one-way gateway to a ziggurat.
 21086 | Depths:1 | Reached skill level 10 in Dodging
 21677 | Depths:1 | Found a gateway to Hell.
 21736 | Depths:1 | Reached skill level 11 in Dodging
 21868 | Depths:1 | Noticed a stone giant
 21881 | Depths:1 | Identified +0 fire dragon scales
 21895 | Depths:1 | Killed a stone giant
 21910 | Depths:1 | Noticed a lich
 21931 | Depths:1 | Blown up by a lich

Vanquished Creatures
  2 stone giants (Depths:1)
  4 spark wasps (Depths:1)
  2 ettins (Depths:1)
  3 fire dragons (Depths:1)
  A hydra (D:14)
  A rakshasa (D:15)
  9 centaur warriors
  3 boulder beetles
  An ogre mage (D:15)
  A death knight (D:15)
  9 two-headed ogres
  2 tengu warriors
  A sphinx skeleton (Depths:1)
  An occultist (D:15)
  A fire crab (shapeshifter) (D:15)
  9 skeletal warriors
  A deep troll (shapeshifter) (D:15)
  2 glowing orange brains
  A necromancer (Depths:1)
  A deep elf pyromancer (D:15)
  An orc knight (D:14)
  2 phantasmal warriors (D:15)
  14 ugly things
  A shadow dragon skeleton (Depths:1)
  7 cyclopes
  2 manticores
  A stone giant skeleton (Depths:1)
  A gargoyle (D:13)
  An unseen horror (D:12)
  An efreet (D:15)
  A kobold demonologist (D:11)
  Jeremiah (D:9)
  4 tengu conjurers
  2 trolls (shapeshifter)
  3 trolls
  Grinder (D:6)
  Sigmund (D:3)
  A centaur simulacrum (D:13)
  12 slime creatures
  2 vampires
  8 yaks
  2 wraiths
  A wyvern (D:9)
  16 humans
  3 steam dragons
  2 vampire mosquitoes (D:12)
  An acid dragon (D:12)
  A water moccasin (D:8)
  A glowing shapeshifter skeleton (Depths:1)
  10 orc warriors
  An ice beast (D:6)
  2 laughing skulls (D:10)
  A sky beast (D:6)
  3 ogres
  15 centaurs
  A phantom (D:7)
  2 kobold brigands (D:8)
  3 bullfrogs (D:8)
  3 gnoll sergeants
  4 wights (D:8)
  4 howler monkeys
  4 electric eels
  3 bombardier beetles
  4 bullfrog zombies (Ossuary)
  7 orc priests
  3 hounds
  2 jellies
  3 iguanas
  Jessica (D:3)
  11 mummies (Ossuary)
  Natasha (twice) (D:3)
  14 orc wizards
  4 crocodile zombies (Ossuary)
  A hound zombie (Ossuary)
  12 gnolls
  8 adders
  2 shadow imps
  4 dart slugs
  A ribbon worm (D:3)
  55 orcs
  4 ball pythons
  12 bats
  7 endoplasms
  10 giant cockroaches
  5 goblins
  3 hobgoblins
  2 quokkas
  2 frilled lizards
  14 kobolds
  A rat (D:2)
399 creatures vanquished.
